[Event "Vasteras Open Minor 2018"]
[Site "Vasteras"]
[Date "2018.09.28"]
[Round "1"]
[White "Laine, Jacob"]
[Black "Arnason, Saemundur"]
[Result "0-1"]
[ECO "D00"]
[WhiteElo "1591"]
[BlackElo "1312"]
[Annotator "NA RC"]
[PlyCount "128"]
[EventDate "2018.09.28"]
[EventCountry "SWE"]
[SourceTitle "playchess.com"]
[Source "ChessBase"]
[SourceQuality "1"]
[TimeControl "900+5"]

1. d4 d5 2. Bf4 Nf6 3. e3 c5 4. Nf3 Nc6 5. c3 Bf5 6. Nbd2 e6 7. Nh4 Bg6 8. Nxg6 hxg6 9. Bd3 Nh5 10. Bg3 Nxg3 11. fxg3 Be7 12. Nf3 Qc7 13. Qc2 c4 14. Be2 Bd6 15. O-O-O O-O-O 16. e4 Rhe8 17. Rhf1 f5 18. exd5 exd5 19. Ng5 Qe7 20. Bf3 Qxg5+ 21. Kb1 Bc7 22. Qa4 a6 23. Ka1 Kb8 24. b4 cxb3 25. axb3 Qe3 26. Rc1 Re7 27. b4 Na7 28. Qb3 Red7 29. Rfe1 Qg5 30. Re6 Qxc1+ 31. Ka2 Nb5 32. Qb2 Nxc3+ 33. Kb3 Qxb2+ 34. Kxb2 Ne4 35. Rxg6 Ka7 36. g4 fxg4 37. Bxg4 Rf7 38. Bf3 Bb6 39. Kc2 Bxd4 40. Kd3 Bb2 41. h3 Ba3 42. b5 axb5 43. Kd4 Bb2+ 44. Kd3 Rd6 45. Rxd6 Nxd6 46. Bxd5 Rf6 47. h4 Rh6 48. g3 Be5 49. g4 Rxh4 50. Be6 Rh3+ 51. Ke2 Rg3 52. Kd2 b4 53. Kc2 Ne4 54. Bf5 Nf2 55. Be6 Nxg4 56. Bf5 Ne3+ 57. Kb3 Nxf5+ 58. Kxb4 Rc3 59. Kb5 Kb8 60. Kb4 Kc7 61. Kb5 Kd6 62. Kb4 Kd5 63. Ka4 Kc5 64. Ka5 Ra3# 0-1

[Event "Vasteras Open Minor 2018"]
[Site "Vasteras"]
[Date "2018.09.28"]
[Round "1"]
[White "Nord, Gabriel"]
[Black "Gerdes, Sebastian"]
[Result "0-1"]
[ECO "B22"]
[WhiteElo "1577"]
[BlackElo "1301"]
[Annotator "NA"]
[PlyCount "86"]
[EventDate "2018.09.28"]
[EventCountry "SWE"]
[SourceTitle "playchess.com"]
[Source "ChessBase"]
[SourceQuality "1"]
[TimeControl "900+5"]

1. e4 c5 2. c3 d5 3. exd5 Qxd5 4. d4 Nc6 5. Nf3 Bg4 6. Be2 cxd4 7. cxd4 Rd8 8. Nc3 Qa5 9. Be3 Nf6 10. O-O g6 11. h3 Bf5 12. Qb3 Qc7 13. Rfd1 e6 14. Rac1 a6 15. Rd2 Bg7 16. Qd1 Ne4 17. Nxe4 Bxe4 18. Qa4 O-O 19. Rdd1 b5 20. Qb3 Bd5 21. Qc2 Qd7 22. b3 Rc8 23. Qd2 Ne7 24. Ne1 Nf5 25. Bg4 Nxe3 26. fxe3 h5 27. Bf3 Bh6 28. Bxd5 Qxd5 29. Nd3 Qe4 30. Kf2 Qf5+ 31. Ke2 Qe4 32. Rg1 Rxc1 33. Qxc1 Rd8 34. Nc5 Qc6 35. Qb2 e5 36. b4 exd4 37. exd4 Qe8+ 38. Kd1 Qe3 39. Re1 Rxd4+ 40. Kc2 Rc4+ 41. Kd1 Rd4+ 42. Kc2 Rd2+ 43. Kc1 Qxe1# 0-1

[Event "Vasteras Open Minor 2018"]
[Site "Vasteras"]
[Date "2018.09.28"]
[Round "1"]
[White "Lofgren, John"]
[Black "Oskarsson, Anton Breki"]
[Result "1-0"]
[ECO "A00"]
[WhiteElo "1511"]
[BlackElo "1268"]
[Annotator "NA RC"]
[PlyCount "113"]
[EventDate "2018.09.28"]
[EventCountry "SWE"]
[SourceTitle "playchess.com"]
[Source "ChessBase"]
[SourceQuality "1"]
[TimeControl "900+5"]

1. c3 d5 2. e4 dxe4 3. Qa4+ Bd7 4. Qxe4 Nc6 5. d4 Nf6 6. Qc2 e6 7. Bg5 Be7 8. Nd2 h6 9. Bh4 O-O 10. Bd3 a6 11. Ne2 e5 12. Bxf6 Bxf6 13. d5 Ne7 14. c4 Qc8 15. Ne4 Bf5 16. Nxf6+ gxf6 17. Ng3 Bxd3 18. Qxd3 Ng6 19. Nh5 f5 20. h3 Re8 21. Nf6+ Kf8 22. Nxe8 Kxe8 23. g3 Qd7 24. b3 Rd8 25. h4 c6 26. O-O-O b5 27. Rhe1 bxc4 28. bxc4 cxd5 29. Qxd5 Qxd5 30. Rxd5 Rc8 31. c5 Kf8 32. Kb2 Kg7 33. h5 Nf8 34. Rexe5 f4 35. gxf4 Kh7 36. Re7 Kg7 37. Kc3 Ne6 38. Rxe6 fxe6 39. Rd7+ Kf6 40. Kd4 Rc6 41. Rd6 Rc7 42. Rxa6 Rd7+ 43. Ke4 Rd2 44. f3 Rh2 45. f5 Rxh5 46. Rxe6+ Kf7 47. c6 Rh4+ 48. f4 Rh2 49. Ke5 Rxa2 50. Rxh6 Re2+ 51. Kd6 Rd2+ 52. Kc7 Rd4 53. Rd6 Rxf4 54. Kd8 Rxf5 55. c7 Kg7 56. c8=Q Rf8+ 57. Kc7 1-0

[Event "Vasteras Open Minor 2018"]
[Site "Vasteras"]
[Date "2018.09.28"]
[Round "1"]
[White "Hakonardottir, Ylfa Yr Welding"]
[Black "Flykt, Gabriel"]
[Result "0-1"]
[ECO "C00"]
[WhiteElo "1310"]
[BlackElo "1584"]
[Annotator "NA"]
[PlyCount "120"]
[EventDate "2018.09.28"]
[EventCountry "SWE"]
[SourceTitle "playchess.com"]
[Source "ChessBase"]
[SourceQuality "1"]
[TimeControl "900+5"]

1. e4 e6 2. Nf3 d5 3. exd5 exd5 4. b3 Be7 5. Bb2 Bf6 6. Qe2+ Be6 7. Nd4 Qe7 8. a4 Bd7 9. Ra2 a6 10. g3 Nc6 11. Nxc6 Bxc6 12. Qxe7+ Nxe7 13. Bg2 Bxb2 14. Rxb2 O-O 15. O-O Rfe8 16. Nc3 d4 17. Ne4 Ng6 18. Re1 f5 19. d3 fxe4 20. dxe4 Rad8 21. f3 d3 22. cxd3 Rxd3 23. g4 Nf4 24. Kf2 Nxg2 25. Kxg2 Red8 26. Ree2 b5 27. Rec2 Be8 28. axb5 Bxb5 29. Kg3 c6 30. h3 Re3 31. Rc5 Rdd3 32. Rf5 g6 33. Rf6 Kg7 34. Rf4 Rxb3 35. Rxb3 Rxb3 36. e5 Re3 37. Re4 Rxe4 38. fxe4 Kf7 39. Kf4 h6 40. h4 Ke6 41. g5 h5 42. Kf3 Kxe5 43. Ke3 a5 44. Kd2 Kxe4 45. Kc3 a4 46. Kb2 c5 47. Kc3 a3 48. Kb3 a2 49. Kxa2 Kd3 50. Kb3 c4+ 51. Kb2 Kd2 52. Kb1 c3 53. Ka2 c2 54. Kb2 c1=Q+ 55. Kb3 Qc4+ 56. Ka3 Qa4+ 57. Kb2 Qb4+ 58. Ka2 Bc4+ 59. Ka1 Qa3+ 60. Kb1 Qa2# 0-1

[Event "Vasteras Open Minor 2018"]
[Site "Vasteras"]
[Date "2018.09.28"]
[Round "1"]
[White "Muntean, Felix"]
[Black "Olsson, Dick"]
[Result "1-0"]
[ECO "C50"]
[WhiteElo "1276"]
[BlackElo "1554"]
[Annotator "NA"]
[PlyCount "79"]
[EventDate "2018.09.28"]
[EventCountry "SWE"]
[SourceTitle "playchess.com"]
[Source "ChessBase"]
[SourceQuality "1"]
[TimeControl "900+5"]

1. e4 e5 2. Nf3 Nc6 3. Bc4 Nd4 4. c3 Nxf3+ 5. Qxf3 Qf6 6. Qxf6 Nxf6 7. d3 Be7 8. O-O O-O 9. Re1 Bc5 10. Be3 Bxe3 11. Rxe3 Re8 12. f3 c6 13. Nd2 d5 14. exd5 cxd5 15. Bb5 Re7 16. d4 e4 17. fxe4 Nxe4 18. Rae1 Bf5 19. h3 a6 20. Bd3 Rae8 21. g4 Bg6 22. Kg2 Kf8 23. Bxe4 dxe4 24. Kg3 h5 25. gxh5 Bxh5 26. Kf4 Bg6 27. Nxe4 Bxe4 28. Rxe4 g5+ 29. Kf5 Rxe4 30. Rxe4 Rxe4 31. Kxe4 Ke7 32. Ke5 f6+ 33. Kf5 b5 34. b3 a5 35. a4 bxa4 36. bxa4 Kf7 37. c4 Ke7 38. c5 Kf7 39. d5 Ke7 40. d6+ 1-0

[Event "Vasteras Open Minor 2018"]
[Site "Vasteras"]
[Date "2018.09.28"]
[Round "1"]
[White "Jonsson, Kristjan Dagur"]
[Black "Morell, Adam"]
[Result "1/2-1/2"]
[ECO "A21"]
[WhiteElo "1267"]
[BlackElo "1511"]
[Annotator "NA RC"]
[PlyCount "90"]
[EventDate "2018.09.28"]
[EventCountry "SWE"]
[SourceTitle "playchess.com"]
[Source "ChessBase"]
[SourceQuality "1"]
[TimeControl "900+5"]

1. c4 e5 2. Nc3 Bb4 3. g3 Bxc3 4. bxc3 d6 5. Bg2 Nf6 6. e3 Nbd7 7. Ne2 O-O 8. O-O Nb6 9. d3 Rb8 10. e4 Bg4 11. h3 Be6 12. Be3 Qd7 13. g4 c5 14. Bg5 Ne8 15. Bh4 Na4 16. Qb3 b5 17. f4 Bxg4 18. hxg4 Qxg4 19. Be7 Qxe2 20. Bxf8 Kxf8 21. cxb5 Nb6 22. fxe5 c4 23. dxc4 Qxc4 24. e6 f6 25. Qxc4 Nxc4 26. a4 Ke7 27. Bh3 Nc7 28. Rf4 Nxe6 29. Bxe6 Kxe6 30. Rh4 h6 31. Kf2 Kf7 32. Rg1 Ne5 33. Rd1 Rd8 34. Rd4 Rd7 35. Rh1 Ke6 36. Rhd1 Nf7 37. c4 Ne5 38. a5 g6 39. b6 axb6 40. axb6 h5 41. Rb1 Nc6 42. Rdd1 Rb7 43. Ke3 g5 44. Kf3 h4 45. Kg4 Ne5+ 1/2-1/2

[Event "Vasteras Open Minor 2018"]
[Site "Vasteras"]
[Date "2018.09.28"]
[Round "2"]
[White "Nilsson, Ulf"]
[Black "Muntean, Felix"]
[Result "1-0"]
[ECO "C58"]
[WhiteElo "2001"]
[BlackElo "1276"]
[Annotator "NA RC"]
[PlyCount "25"]
[EventDate "2018.09.28"]
[EventCountry "SWE"]
[SourceTitle "playchess.com"]
[Source "ChessBase"]
[SourceQuality "1"]
[TimeControl "900+5"]

1. e4 e5 2. Nf3 Nc6 3. Bc4 Nf6 4. Ng5 d5 5. exd5 Na5 6. Bb5+ Bd7 7. Qe2 Bd6 8. d4 O-O 9. O-O Nxd5 10. dxe5 Bxb5 11. Qxb5 c6 12. Qd3 Bxe5 13. Qxh7# 1-0

[Event "Vasteras Open Minor 2018"]
[Site "Vasteras"]
[Date "2018.09.28"]
[Round "2"]
[White "Flykt, Gabriel"]
[Black "Backlund, Elias"]
[Result "1-0"]
[ECO "A34"]
[WhiteElo "1584"]
[BlackElo "1329"]
[Annotator "NA RC"]
[PlyCount "55"]
[EventDate "2018.09.28"]
[EventCountry "SWE"]
[SourceTitle "playchess.com"]
[Source "ChessBase"]
[SourceQuality "1"]
[TimeControl "900+5"]

1. c4 Nf6 2. Nc3 c5 3. g3 g6 4. Bg2 Nc6 5. d3 d6 6. e4 Bg7 7. Nge2 O-O 8. O-O Bd7 9. h3 a6 10. Be3 Rb8 11. a4 Nb4 12. f4 Ne8 13. f5 Nc7 14. Qd2 Kh8 15. d4 cxd4 16. Bxd4 Nc6 17. Bxg7+ Kxg7 18. b3 Ne5 19. Rf4 Ne8 20. Kh2 Nf6 21. Raf1 Qb6 22. Nc1 Qb4 23. Qe3 Rbd8 24. fxg6 fxg6 25. Nd5 Nxd5 26. exd5 b5 27. cxb5 axb5 28. Rxb4 1-0

[Event "Vasteras Open Minor 2018"]
[Site "Vasteras"]
[Date "2018.09.28"]
[Round "2"]
[White "Arnason, Saemundur"]
[Black "Lofgren, John"]
[Result "0-1"]
[ECO "A51"]
[WhiteElo "1312"]
[BlackElo "1511"]
[Annotator "NA RC"]
[PlyCount "102"]
[EventDate "2018.09.28"]
[EventCountry "SWE"]
[SourceTitle "playchess.com"]
[Source "ChessBase"]
[SourceQuality "1"]
[TimeControl "900+5"]

1. d4 Nf6 2. c4 e5 3. dxe5 Ne4 4. Qc2 d5 5. exd6 Nxd6 6. Nf3 Bf5 7. Qb3 Nc6 8. Nc3 Be7 9. Bf4 Rb8 10. e3 O-O 11. Be2 Re8 12. O-O Bf6 13. Nd5 Na5 14. Qb4 Nc6 15. Qd2 Ne4 16. Qd1 Be5 17. Nxe5 Nxe5 18. Bxe5 Rxe5 19. Bf3 c6 20. Bxe4 Bxe4 21. Nc3 Bd3 22. Re1 Bxc4 23. Qxd8+ Rxd8 24. b3 Be6 25. Rad1 Rxd1 26. Rxd1 g6 27. h3 Rc5 28. Rd8+ Kg7 29. Ne4 Rc1+ 30. Kh2 Rc2 31. Kg3 Rxa2 32. Rb8 b6 33. Rb7 Rb2 34. Rxa7 Rxb3 35. Rc7 c5 36. Nd6 c4 37. Ne4 h6 38. Kf3 Bd5 39. g4 b5 40. Kf4 Bxe4 41. Kxe4 Kf6 42. f4 Ke6 43. Kd4 Rd3+ 44. Ke4 Rd5 45. h4 Kd6 46. Rxf7 c3 47. Rf8 Rc5 48. Rd8+ Ke6 49. Rd1 b4 50. Rc1 b3 51. Kd3 b2 0-1

[Event "Vasteras Open Minor 2018"]
[Site "Vasteras"]
[Date "2018.09.28"]
[Round "2"]
[White "Gerdes, Sebastian"]
[Black "Davidsson, Joshua"]
[Result "1-0"]
[ECO "A20"]
[WhiteElo "1301"]
[BlackElo "1500"]
[Annotator "NA RC"]
[PlyCount "61"]
[EventDate "2018.09.28"]
[EventCountry "SWE"]
[SourceTitle "playchess.com"]
[Source "ChessBase"]
[SourceQuality "1"]
[TimeControl "900+5"]

1. c4 e5 2. g3 Nf6 3. Bg2 Nc6 4. Nc3 Bb4 5. a3 Bxc3 6. bxc3 d6 7. d4 exd4 8. cxd4 d5 9. Bg5 Be6 10. e4 Na5 11. cxd5 Bg4 12. Qa4+ c6 13. e5 h6 14. Bxf6 gxf6 15. dxc6 Nxc6 16. Bxc6+ Bd7 17. Bxd7+ Qxd7 18. Qxd7+ Kxd7 19. Rd1 fxe5 20. dxe5+ Ke6 21. f4 Rac8 22. Nf3 Rc3 23. Nd4+ Ke7 24. Nb5 Rb3 25. Nxa7 Rxa3 26. Nb5 Rb3 27. Nd6 Ra8 28. O-O Ra2 29. Nf5+ Ke6 30. g4 Rbb2 31. Rd6# 1-0

[Event "Vasteras Open Minor 2018"]
[Site "Vasteras"]
[Date "2018.09.28"]
[Round "2"]
[White "Tolstoy, Anastasia"]
[Black "Ohlund, Anders"]
[Result "1-0"]
[ECO "B30"]
[WhiteElo "1228"]
[BlackElo "1483"]
[Annotator "NA RC"]
[PlyCount "113"]
[EventDate "2018.09.28"]
[EventCountry "SWE"]
[SourceTitle "playchess.com"]
[Source "ChessBase"]
[SourceQuality "1"]
[TimeControl "900+5"]

1. e4 c5 2. Nf3 Nc6 3. c3 g6 4. d4 cxd4 5. cxd4 Bg7 6. Bc4 e6 7. Nc3 Qb6 8. e5 Nge7 9. O-O O-O 10. Bb3 Qc7 11. Be3 Nf5 12. Bc2 Nxe3 13. fxe3 a6 14. a3 b5 15. b4 Bb7 16. Ne4 Ne7 17. Rc1 Qd8 18. Nc5 Bc6 19. Be4 Bxe4 20. Nxe4 Nf5 21. Qe2 d5 22. exd6 Nxd6 23. Nc5 Nc4 24. Nd2 Nxa3 25. Qd3 Nc4 26. Nxc4 bxc4 27. Qxc4 Qd6 28. Ra1 Rfc8 29. Qd3 Rcb8 30. Rxa6 Rxa6 31. Nxa6 Rb6 32. Ra1 Qc6 33. Nc5 Rxb4 34. Qc3 Rb6 35. Qd2 Rb5 36. Rc1 Qd5 37. Qe2 Rb8 38. Na6 Rd8 39. Nc7 Qd6 40. Nb5 Qd7 41. Nc3 Rc8 42. Qd2 Rc7 43. Ne4 Rb7 44. Nc5 Qb5 45. Nxb7 Qxb7 46. Qc2 Bf8 47. Rb1 Qe7 48. Qb3 Kg7 49. Qc3 h5 50. d5+ Kg8 51. dxe6 Qxe6 52. Qd4 Kh7 53. Rf1 Bg7 54. Qf4 Bf6 55. Qxf6 Qxe3+ 56. Qf2 Qg5 57. Qxf7+ 1-0

[Event "Vasteras Open Minor 2018"]
[Site "Vasteras"]
[Date "2018.09.28"]
[Round "3"]
[White "Lofgren, John"]
[Black "Gerdes, Sebastian"]
[Result "0-1"]
[ECO "B20"]
[WhiteElo "1511"]
[BlackElo "1301"]
[Annotator "NA RC"]
[PlyCount "220"]
[EventDate "2018.09.28"]
[EventCountry "SWE"]
[SourceTitle "playchess.com"]
[Source "ChessBase"]
[SourceQuality "1"]
[TimeControl "900+5"]

1. e4 c5 2. Bc4 Nc6 3. Nf3 g6 4. c3 a6 5. a3 b5 6. Ba2 Nf6 7. e5 Ng8 8. d4 cxd4 9. Nxd4 Nxe5 10. Nf3 Nc6 11. Ng5 e6 12. Qf3 Qf6 13. Qe2 Nge7 14. Ne4 Qe5 15. Nbd2 d5 16. f4 Qxf4 17. Rf1 Qc7 18. Nf6+ Kd8 19. Nf3 Nf5 20. Bg5 Be7 21. g4 h6 22. Bh4 Nxh4 23. Nxh4 g5 24. Ng2 Qe5 25. Qxe5 Nxe5 26. O-O-O Bxf6 27. Rxf6 Ke7 28. Rdf1 Bb7 29. Kd2 Raf8 30. Ne3 h5 31. h3 hxg4 32. Nxg4 Nxg4 33. hxg4 Rh2+ 34. Kc1 Rg2 35. Bb1 Rxg4 36. Rh6 f5 37. Rfh1 Kd6 38. Rg6 d4 39. Rhh6 Re8 40. Bxf5 Rg1+ 41. Kc2 Bd5 42. cxd4 Rg2+ 43. Kc3 a5 44. Bh3 Rg3+ 45. Kd2 Rb3 46. Kc2 Rc8+ 47. Kd1 Re8 48. Kc1 Rc8+ 49. Kd1 Re8 50. Kc2 Rg3 51. Kd2 Rb3 52. Kc2 a4 53. Rxg5 Be4+ 54. Kc1 Rc8+ 55. Kd1 Rd3+ 56. Ke2 Rc2+ 57. Ke1 Bd5 58. Bf5 Re3+ 59. Kd1 Rxb2 60. Kc1 Ra2 61. Bg4 Re1+ 62. Bd1 Ra1+ 63. Kc2 Bb3+ 64. Kc3 Rexd1 65. Rg7 Rac1+ 66. Kb4 Rxd4+ 67. Ka5 Rc8 68. Rhh7 Ra8+ 69. Kb6 Rb8+ 70. Ka5 Ke5 71. Rh5+ Kf6 72. Rhh7 Rd6 73. Rf7+ Ke5 74. Rh5+ Kd4 75. Rh4+ Kc5 76. Rc7+ Kd5 77. Rh5+ e5 78. Re7 Re6 79. Rd7+ Kc6 80. Ra7 e4 81. Ra6+ Kc7 82. Rh7+ Kc8 83. Raa7 Rd6 84. Rac7+ Kd8 85. Rcg7 Re6 86. Rd7+ Ke8 87. Rdg7 Rf6 88. Re7+ Kf8 89. Rxe4 Ra8+ 90. Kb4 Bc2 91. Rh8+ Kg7 92. Rxa8 Bxe4 93. Ra7+ Rf7 94. Ra6 Bd3 95. Rd6 Bc4 96. Rd2 Rf3 97. Rg2+ Kf6 98. Rh2 Rb3+ 99. Kc5 Rxa3 100. Rh6+ Kg5 101. Rh2 Rc3 102. Kb4 Rc1 103. Ka3 Kg4 104. Rh7 Rb1 105. Rh4+ Kf3 106. Rf4+ Ke3 107. Rf3+ Kd4 108. Rf4+ Kc5 109. Rf5+ Bd5 110. Rf8 Rb3+ 0-1

[Event "Vasteras Open Minor 2018"]
[Site "Vasteras"]
[Date "2018.09.28"]
[Round "3"]
[White "Tabor, Matvey"]
[Black "Tolstoy, Anastasia"]
[Result "1-0"]
[ECO "C45"]
[WhiteElo "1452"]
[BlackElo "1228"]
[Annotator "NA RC"]
[PlyCount "91"]
[EventDate "2018.09.28"]
[EventCountry "SWE"]
[SourceTitle "playchess.com"]
[Source "ChessBase"]
[SourceQuality "1"]
[TimeControl "900+5"]

1. e4 e5 2. Nf3 Nc6 3. d4 exd4 4. Nxd4 Bc5 5. Be3 Bxd4 6. Bxd4 Nf6 7. Nc3 d6 8. Bb5 O-O 9. Bxc6 bxc6 10. h3 Ba6 11. Qf3 Nd7 12. O-O-O c5 13. Be3 Ne5 14. Qg3 Rb8 15. Bxc5 Rb7 16. Bd4 Qe7 17. f4 Ng6 18. f5 Ne5 19. Nd5 Qd8 20. Bxe5 dxe5 21. f6 g6 22. Ne7+ Kh8 23. Rxd8 Rxd8 24. Qg5 Rb6 25. Nd5 Re6 26. Qh6 Rg8 27. Ne7 Rxf6 28. Nxg8 Kxg8 29. Rd1 Rd6 30. Rxd6 cxd6 31. Qg5 Bb7 32. h4 Bxe4 33. h5 Kf8 34. h6 Ke8 35. Qe3 Bxg2 36. Qxa7 e4 37. Kd2 d5 38. Qd4 Ke7 39. a4 Ke8 40. a5 Kd8 41. a6 Kc8 42. Qb6 e3+ 43. Kxe3 d4+ 44. Kxd4 f5 45. Kc5 f4 46. Kd6 1-0

[Event "Vasteras Open Minor 2018"]
[Site "Vasteras"]
[Date "2018.09.28"]
[Round "3"]
[White "Agelin, Robin"]
[Black "Flykt, Gabriel"]
[Result "0-1"]
[ECO "A40"]
[WhiteElo "1395"]
[BlackElo "1584"]
[Annotator "NA RC"]
[PlyCount "114"]
[EventDate "2018.09.28"]
[EventCountry "SWE"]
[SourceTitle "playchess.com"]
[Source "ChessBase"]
[SourceQuality "1"]
[TimeControl "900+5"]

1. d4 e6 2. c4 c5 3. Nf3 Nf6 4. Bg5 Be7 5. Nc3 cxd4 6. Nxd4 d5 7. e3 O-O 8. Bd3 dxc4 9. Bxc4 Nd5 10. Nxd5 Bxg5 11. Nc3 Qc7 12. Nf3 Bxe3 13. fxe3 Qxc4 14. Qd4 Qxd4 15. Nxd4 Bd7 16. O-O-O Bc6 17. Rhg1 Rd8 18. Nxc6 Nxc6 19. Kc2 Rac8 20. a3 Kf8 21. g4 Ke7 22. h4 Ne5 23. Rg3 Rxd1 24. Kxd1 Rc4 25. e4 Rd4+ 26. Ke2 Nc4 27. Rd3 Rxd3 28. Kxd3 Nxb2+ 29. Kd4 a6 30. e5 f6 31. g5 fxe5+ 32. Kxe5 Nc4+ 33. Kd4 Nxa3 34. Kc5 Nb5 35. Ne4 Kd7 36. Kb6 Nd6 37. Nc5+ Ke7 38. Nd3 Nf5 39. h5 Ng3 40. h6 gxh6 41. gxh6 Nf5 42. Kxb7 a5 43. Ne5 Nxh6 44. Nc4 a4 45. Kb6 Kf6 46. Kb5 a3 47. Nxa3 e5 48. Kc4 Kf5 49. Nc2 Kf4 50. Ne1 e4 51. Nc2 e3 52. Kd3 Nf5 53. Ke2 h5 54. Kf1 Kf3 55. Ke1 h4 56. Nxe3 Nxe3 57. Kd2 h3 0-1

[Event "Vasteras Open Minor 2018"]
[Site "Vasteras"]
[Date "2018.09.28"]
[Round "3"]
[White "Gunnlaugsson, Arnor"]
[Black "Nilsson, Ulf"]
[Result "1-0"]
[ECO "C44"]
[WhiteElo "1172"]
[BlackElo "2001"]
[Annotator "NA RC"]
[PlyCount "99"]
[EventDate "2018.09.28"]
[EventCountry "SWE"]
[SourceTitle "playchess.com"]
[Source "ChessBase"]
[SourceQuality "1"]
[TimeControl "900+5"]

1. e4 e5 2. Nf3 Nc6 3. d4 exd4 4. Nxd4 Ne5 (4... Nf6 $11 {remains equal.}) 5. Qh5 d6 6. Nc3 Bg4 7. Qg5 Be7 8. Qe3 Nf6 9. h3 Bd7 10. f4 Nc6 11. Bc4 Nb4 12. a3 Nc6 13. O-O O-O 14. f5 Ne5 15. Bd5 c6 16. Ba2 c5 17. Nf3 Nc6 18. Nd5 Re8 19. Bd2 Rc8 20. Rae1 Nd4 21. Nxd4 cxd4 22. Qxd4 Rxc2 23. Bc3 Bf8 24. Bb3 $18 Rxc3 25. Nxc3 Qc7 26. Qc4 Qb6+ 27. Kh1 Be6 28. Nd5 Nxd5 29. fxe6 Rxe6 30. exd5 Rxe1 31. Rxe1 Qf2 32. Rf1 Qxb2 33. Qf4 f6 34. Qf3 Qe5 35. Qf5 Qc3 36. Bc2 g6 37. Qxf6 Qxf6 38. Rxf6 Be7 39. Re6 Bf8 40. Kg1 a5 41. Kf1 b5 42. Ke2 b4 43. axb4 axb4 44. Bb3 Bg7 45. Rxd6 Kf8 46. Rd8+ Ke7 47. Ra8 Kd6 48. Ra7 Bd4 49. Ra6+ Ke5 50. d6 1-0

[Event "Vasteras Open Minor 2018"]
[Site "Vasteras"]
[Date "2018.09.28"]
[Round "4"]
[White "Flykt, Gabriel"]
[Black "Gunnlaugsson, Arnor"]
[Result "1-0"]
[ECO "A22"]
[WhiteElo "1584"]
[BlackElo "1172"]
[Annotator "NA RC"]
[PlyCount "115"]
[EventDate "2018.09.28"]
[EventCountry "SWE"]
[SourceTitle "playchess.com"]
[Source "ChessBase"]
[SourceQuality "1"]
[TimeControl "900+5"]

1. c4 e5 2. Nc3 Nf6 3. g3 d5 4. cxd5 Nxd5 5. Bg2 Nxc3 6. bxc3 Bc5 7. d3 O-O 8. Qc2 Qf6 9. Nf3 h6 10. O-O Bg4 11. Bb2 Nc6 12. Rad1 Rad8 13. Rd2 Rd6 14. Qb3 b6 15. Ba3 Bxa3 16. Qxa3 Rfd8 17. Rfd1 Kh8 18. Ne1 Na5 19. Qb2 c5 20. Nc2 c4 21. Nb4 cxd3 22. Rxd3 Rxd3 23. Rxd3 Rxd3 24. exd3 Bf3 25. Qd2 Bxg2 26. Kxg2 Qd6 27. Qe3 Nc6 28. Nc2 Qd5+ 29. Qf3 Qxf3+ 30. Kxf3 Kg8 31. Ke4 f6 32. Kd5 Ne7+ 33. Kd6 Kf7 34. Nb4 g5 35. g4 a5 36. Nd5 Nxd5 37. Kxd5 Ke7 38. Kc6 Ke6 39. Kxb6 Kd5 40. Kxa5 e4 41. dxe4+ Kxe4 42. Kb4 Kf3 43. c4 Kxg4 44. a4 Kf3 45. c5 Kxf2 46. c6 f5 47. c7 f4 48. c8=Q f3 49. Qg4 Ke3 50. Qg3 Ke2 51. Kc3 f2 52. Qg4+ Ke1 53. Qe4+ Kf1 54. Qf3 Kg1 55. Qg3+ Kf1 56. Kd2 g4 57. Ke3 Ke1 58. Qxf2+ 1-0

[Event "Vasteras Open Minor 2018"]
[Site "Vasteras"]
[Date "2018.09.28"]
[Round "4"]
[White "Urbel, Aavo"]
[Black "Tabor, Matvey"]
[Result "1-0"]
[ECO "A48"]
[WhiteElo "1436"]
[BlackElo "1452"]
[Annotator "NA RC"]
[PlyCount "85"]
[EventDate "2018.09.28"]
[EventCountry "SWE"]
[SourceTitle "playchess.com"]
[Source "ChessBase"]
[SourceQuality "1"]
[TimeControl "900+5"]

1. d4 Nf6 2. Nf3 g6 3. e3 Bg7 4. Nc3 O-O 5. Bd3 d6 6. O-O Nbd7 7. b4 e5 8. dxe5 dxe5 9. Ne4 Nxe4 10. Bxe4 f5 11. Bd5+ Kh8 12. Bb2 Qe7 13. a3 Nf6 14. Bb3 Nd7 15. Qe2 e4 16. Bxg7+ Qxg7 17. Nd4 Ne5 18. h3 f4 19. exf4 Rxf4 20. Be6 Nf3+ 21. Nxf3 exf3 22. gxf3 Qf6 23. Bxc8 Rxc8 24. Rae1 Rxf3 25. Qe5 Qxe5 26. Rxe5 Rxa3 27. Kg2 Rc3 28. Rc1 Kg8 29. Re3 Rc4 30. c3 Kf7 31. f3 c5 32. b5 Re8 33. Rd3 Re2+ 34. Kg3 Ke6 35. Rd8 Rb2 36. Re1+ Kf6 37. Rf8+ Kg5 38. Rf7 Rxb5 39. Rxh7 Rxc3 40. Ree7 Kf6 41. Rhf7+ Kg5 42. h4+ Kh6 43. Rh7# 1-0

[Event "Vasteras Open Minor 2018"]
[Site "Vasteras"]
[Date "2018.09.28"]
[Round "4"]
[White "Agelin, Robin"]
[Black "Lofgren, John"]
[Result "0-1"]
[ECO "A51"]
[WhiteElo "1395"]
[BlackElo "1511"]
[Annotator "NA RC"]
[PlyCount "36"]
[EventDate "2018.09.28"]
[EventCountry "SWE"]
[SourceTitle "playchess.com"]
[Source "ChessBase"]
[SourceQuality "1"]
[TimeControl "900+5"]

1. d4 Nf6 2. c4 e5 3. Bg5 Bb4+ 4. Nc3 exd4 5. a3 Bxc3+ 6. bxc3 dxc3 7. Qc2 h6 8. Bh4 d6 9. e3 Be6 10. Nf3 Nbd7 11. Qxc3 c6 12. Be2 O-O 13. O-O Ne4 14. Qc2 Nef6 15. Bd3 Qc7 16. Bg3 Nc5 17. Rfd1 Rad8 18. Bh4 Rd7 0-1

[Event "Vasteras Open Minor 2018"]
[Site "Vasteras"]
[Date "2018.09.28"]
[Round "4"]
[White "Seo, Jung Hyun"]
[Black "Jonsson, Kristjan Dagur"]
[Result "0-1"]
[ECO "B01"]
[WhiteElo "1389"]
[BlackElo "1267"]
[Annotator "NA RC"]
[PlyCount "214"]
[EventDate "2018.09.28"]
[EventCountry "SWE"]
[SourceTitle "playchess.com"]
[Source "ChessBase"]
[SourceQuality "1"]
[TimeControl "900+5"]

1. e4 d5 2. exd5 Nf6 3. d4 Nxd5 4. Nf3 Bg4 5. c4 Nf6 6. Be2 Nbd7 7. Nc3 e6 8. h3 Bf5 9. Bg5 Bb4 10. Rc1 h6 11. Bh4 g5 12. Bg3 Ne4 13. Be5 f6 14. Bh2 Nxc3 15. bxc3 Bd6 16. Qb3 Bxh2 17. Nxh2 Be4 18. f3 Bc6 19. d5 exd5 20. cxd5 Nc5 21. Qb4 Qxd5 22. Ng4 Qd6 23. Rd1 Qe7 24. Nxf6+ Qxf6 25. Qxc5 Qe7 26. Qd4 Kf7 27. Kf2 Rhd8 28. Bc4+ Kg6 29. Bd3+ Kf7 30. Qc4+ Bd5 31. Qa4 Qc5+ 32. Kg3 Qxc3 33. Qb5 Qe5+ 34. Kf2 Qd4+ 35. Kg3 Qf4+ 36. Kf2 Bxa2 37. Qxb7 Qd4+ 38. Kg3 Qe5+ 39. Kf2 Qc5+ 40. Kg3 Qd6+ 41. Kf2 Qb6+ 42. Qxb6 axb6 43. Be4 Rxd1 44. Rxd1 Re8 45. g3 Ke7 46. f4 gxf4 47. gxf4 Kf6 48. Kf3 Re6 49. Rc1 c5 50. Ra1 Bc4 51. Rc1 b5 52. f5 Rd6 53. Kg4 Rd4 54. Kf3 Bd5 55. Rxc5 Bxe4+ 56. Ke3 Rd5 57. Rc6+ Kxf5 58. Rxh6 Rd3+ 59. Ke2 Rg3 60. h4 Ke5 61. Rh5+ Bf5 62. Rh8 Bd3+ 63. Kf2 Rh3 64. Kg2 Re3 65. h5 Kf6 66. Kf2 Re7 67. h6 Rh7 68. Rf8+ Ke7 69. Rb8 Rxh6 70. Ke3 Bc4 71. Kd4 Kd7 72. Kc3 Kc7 73. Ra8 Kb7 74. Re8 Re6 75. Rh8 Re3+ 76. Kc2 Kb6 77. Kb2 Kc5 78. Rh5+ Kb4 79. Rh4 Re2+ 80. Kc1 Kc3 81. Rh3+ Bd3 82. Kd1 Rd2+ 83. Kc1 b4 84. Rh8 Rc2+ 85. Kd1 Kb3 86. Rh3 Kc3 87. Rh8 b3 88. Rb8 Rd2+ 89. Ke1 Re2+ 90. Kd1 Kb2 91. Rc8 Rc2 92. Rd8 Be2+ 93. Ke1 Ka1 94. Ra8+ Ra2 95. Re8 b2 96. Kf2 b1=Q 97. Kg3 Qg6+ 98. Kf4 Ra4+ 99. Ke5 Qxe8+ 100. Kd6 Ra6+ 101. Kd5 Qc6+ 102. Ke5 Ra5+ 103. Kd4 Qc4+ 104. Ke3 Ra3+ 105. Kf2 Qf4+ 106. Ke1 Qf1+ 107. Kd2 Qd1# 0-1

[Event "Vasteras Open Minor 2018"]
[Site "Vasteras"]
[Date "2018.09.28"]
[Round "4"]
[White "Edberg, Markus"]
[Black "Laine, Jacob"]
[Result "0-1"]
[ECO "D47"]
[WhiteElo "1338"]
[BlackElo "1591"]
[Annotator "NA RC"]
[PlyCount "74"]
[EventDate "2018.09.28"]
[EventCountry "SWE"]
[SourceTitle "playchess.com"]
[Source "ChessBase"]
[SourceQuality "1"]
[TimeControl "900+5"]

1. d4 d5 2. c4 c6 3. Nc3 Nf6 4. e3 e6 5. Bd3 Nbd7 6. Nf3 dxc4 7. Bxc4 b5 8. Bb3 Bb7 9. e4 a6 10. O-O c5 11. Re1 cxd4 12. Nxd4 Bc5 13. e5 Nxe5 14. Bg5 Qxd4 15. Qxd4 Bxd4 16. Rad1 Bxc3 17. bxc3 Nc4 18. Rb1 Bd5 19. Red1 Ne4 20. Bd2 Nexd2 21. Rxd2 Nxd2 22. Bxd5 Nxb1 23. Bxa8 Ke7 24. Bb7 a5 25. Ba6 Nxc3 26. a3 Rd8 27. h3 Rd6 28. Bb7 Nb1 29. Be4 Nxa3 30. Bxh7 g6 31. g4 b4 32. h4 Rd5 33. h5 gxh5 34. gxh5 Rxh5 35. Be4 b3 36. Bf3 Rg5+ 37. Bg2 b2 0-1